AoeStats
← 黑暗中漫舞.

Arena

508659727Analyzed
4v4 RM · 8d ago on Sep 23, 2026· 53m 54s· 8 players
Game mode
Random Map
Map size
Large (8 player)
Population
200
Speed
Normal
Resources
Standard
Victory
Conquest
Starting age
Dark Age
Ending age
Imperial Age
RankedLock teamsTeams togetherTeam positionsShared explorationLock speedFull tech treeHidden civsTurbo modeCheats
Victory
Defeat
🇨🇳 Danes · China
1841
+12
🇨🇳 Dravidians · China
1775
+15
🇨🇳 Vietnamese · China
1673
+19
🇨🇳 Varangians · China
1671
+18
🇻🇳 Cumans · Vietnam
1786
-18
🇻🇳 Varangians · Vietnam
1756
-17
1727
-15
🇻🇳 Danes · Vietnam
1692
-14
DL-ĐệNhị
10:01 Feudal Age
13:51 Castle Age
12:27 Double-Bit Axe
13:16 Horse Collar
15:09 Loom
19:06 Arson
20:41 Forging
22:16 Squires
22:30 Bow Saw
24:47 Scale Mail Armor
33:57 Imperial Age
31:42 Fletching
33:04 Wheelbarrow
32:14 Elite Skirmisher
32:50 Bodkin Arrow
35:40 Chemistry
35:01 Ballistics
34:49 Bracer
34:49 Padded Archer Armor
36:33 Leather Archer Armor
37:26 Conscription
37:47 Thumb Ring
39:02 Ring Archer Armor
41:49 Hand Cart
52:14 Pikeman
Seohyun de thuong lam ne`
9:57 Feudal Age
14:29 Castle Age
13:40 Fletching
14:32 Crossbowman
15:44 Bodkin Arrow
18:14 Padded Archer Armor
20:57 Ballistics
22:24 Double-Bit Axe
24:20 Thumb Ring
31:36 Bow Saw
33:16 Wheelbarrow
34:58 Loom
35:02 Horse Collar
41:44 Imperial Age
39:28 Gold Mining
40:31 Bloodlines
41:09 Scale Barding Armor
41:05 Husbandry
42:33 Chain Barding Armor
42:07 Heavy Camel Rider
43:42 Forging
44:55 Plate Barding Armor
45:12 Conscription
45:35 Iron Casting
46:28 Arbalester
47:11 Bracer
50:26 Blast Furnace
49:06 Arbalester
49:25 Capped Ram
50:58 Siege Ram
54:19 Chemistry
54:14 Leather Archer Armor
chuoi
11:18 Feudal Age
14:50 Castle Age
13:04 Double-Bit Axe
13:22 Horse Collar
16:19 Bow Saw
17:16 Scale Barding Armor
23:53 Heavy Plow
25:10 Wheelbarrow
27:10 Gold Mining
30:34 Imperial Age
28:07 Stone Mining
29:29 Chain Barding Armor
30:50 Stone Shaft Mining
30:03 Loom
32:04 Plate Barding Armor
31:46 Husbandry
32:19 Bloodlines
32:34 Conscription
32:35 Gothikon
33:46 Elite Jarl
35:25 Forging
37:20 Two-Man Saw
37:34 Iron Casting
37:16 Capped Ram
40:27 Blast Furnace
39:17 Fletching
40:52 Crop Rotation
41:12 Onager
42:04 Light Cavalry
42:32 Vendel Legacy
44:48 Hussar
46:09 Siege Engineers
VNS_Alibaba_
8:47 Feudal Age
9:26 Double-Bit Axe
9:23 Horse Collar
15:49 Wheelbarrow
19:35 Castle Age
18:01 Scale Barding Armor
18:35 Forging
18:52 Bloodlines
19:05 Loom
21:13 Bow Saw
21:00 Gold Mining
21:56 Chain Barding Armor
22:52 Gold Shaft Mining
23:41 Capped Ram
25:32 Iron Casting
30:40 Town Watch
32:38 Hand Cart
37:53 Imperial Age
38:10 Fletching
38:14 Cavalier
39:58 Plate Barding Armor
41:09 Blast Furnace
42:31 Two-Man Saw
42:20 Paladin
45:43 Heavy Plow
46:14 Light Cavalry
46:52 Siege Ram
49:47 Caravan
50:02 Bodkin Arrow
50:19 Stone Mining
51:01 Crop Rotation
51:05 Padded Archer Armor
51:33 Conscription
51:12 Elite Skirmisher
51:57 Thumb Ring
52:21 Elite Kipchak
53:55 Leather Archer Armor
Starsky
9:54 Feudal Age
11:34 Double-Bit Axe
13:58 Castle Age
11:58 Horse Collar
15:01 Bow Saw
20:55 Wheelbarrow
20:45 Gold Mining
22:31 Hand Cart
22:16 Loom
22:26 Stone Mining
23:53 Town Watch
27:24 Imperial Age
24:47 Fletching
25:24 Bodkin Arrow
25:36 Heavy Plow
28:04 Bracer
28:39 Conscription
29:02 Ballistics
28:46 Padded Archer Armor
28:33 Cranequins
29:47 Leather Archer Armor
31:51 Chemistry
30:39 Heavy Mounted Crossbowman
31:37 Husbandry
33:45 Ring Archer Armor
33:52 Gold Shaft Mining
33:46 Thumb Ring
34:49 Masonry
34:44 Siege Engineers
34:52 Masonry
35:01 Onager
36:09 Northmen's Fury
36:30 Siege Onager
39:33 Bloodlines
46:53 Caravan
52:25 Scale Barding Armor
51:42 Light Cavalry
53:27 Chain Barding Armor
54:50 Plate Barding Armor
BWV974
10:35 Feudal Age
14:24 Castle Age
12:39 Double-Bit Axe
13:14 Horse Collar
19:02 Bow Saw
19:36 Loom
20:41 Wheelbarrow
22:13 Padded Archer Armor
22:06 Gold Mining
22:36 Fletching
23:55 Bodkin Arrow
24:47 Leather Archer Armor
25:09 Stone Mining
26:47 Hand Cart
30:29 Town Watch
39:36 Heavy Plow
40:12 Stone Shaft Mining
46:25 Ballistics
46:16 Fortified Wall
46:17 Masonry
49:50 Imperial Age
47:37 Squires
47:46 Pikeman
48:28 Scale Mail Armor
48:37 Treadmill Crane
49:46 Chain Mail Armor
50:11 Forging
50:33 Bracer
49:55 Halberdier
51:15 Paper Money
52:14 Chemistry
52:52 Two-Man Saw
52:54 Plate Mail Armor
52:48 Murder Holes
53:20 Thumb Ring
54:28 Ring Archer Armor
53:28 Elite Rattan Archer
黑暗中漫舞.
10:08 Feudal Age
13:37 Castle Age
11:57 Double-Bit Axe
14:55 Bow Saw
15:08 Horse Collar
17:32 Loom
20:48 Fletching
23:25 Sanctity
25:31 Gold Mining
25:32 Stone Mining
26:44 Wheelbarrow
30:57 Imperial Age
29:13 Stone Mining
29:13 Town Watch
30:41 Bodkin Arrow
31:25 Ballistics
31:46 Bracer
32:53 Chemistry
32:10 Heavy Plow
33:39 Two-Man Saw
33:29 Padded Archer Armor
34:08 Hand Cart
34:41 Thumb Ring
34:51 Leather Archer Armor
36:37 Ring Archer Armor
37:02 Elite Elephant Archer
39:07 Conscription
39:17 Elite Skirmisher
40:14 Medical Corps
40:37 Siege Elephant
41:55 Coinage
41:35 Guilds
42:56 Caravan
43:36 Banking
42:48 Imperial Skirmisher
45:04 Hoardings
44:32 Husbandry
50:06 Pikeman
50:47 Squires
50:47 Scale Mail Armor
50:58 Forging
51:11 Wootz Steel
51:28 Halberdier
52:24 Chain Mail Armor
Chase_Li
10:23 Feudal Age
11:13 Double-Bit Axe
14:04 Castle Age
12:10 Horse Collar
15:19 Bow Saw
21:06 Wheelbarrow
21:23 Stone Mining
21:43 Town Watch
22:25 Loom
24:50 Forging
25:49 Scale Barding Armor
26:58 Chain Barding Armor
27:45 Iron Casting
28:52 Bloodlines
28:43 Husbandry
29:53 Hand Cart
33:02 Imperial Age
34:21 Plate Barding Armor
34:29 Conscription
34:13 Cavalier
34:23 Vendel Legacy
35:36 Light Cavalry
37:39 Hussar
40:51 Blast Furnace
41:27 Scale Mail Armor
42:42 Pikeman
43:23 Squires
43:39 Chain Mail Armor
44:32 Coinage
44:10 Capped Ram
44:29 Halberdier
46:43 Plate Mail Armor
47:52 Banking
49:18 Siege Ram
52:20 Arson
Connection lost

Rejoining the realm…

Still unreachable

The connection could not be restored.

Session expired

The server has moved on; the page needs a fresh start.